Map: Protocole central

Players

MachineGun - Winner!

  • Race: Terran Terran
  • League: Diamond

Worming

  • Race: Zerg Zerg
  • League: Diamond

VOD

Have the link to the VOD?

Description

Time

  • Played on: March 8, 2016, 4:55 a.m.
  • Length: 19:07
Show
View Real Time Build Order
Export as new Build Order

MachineGun Terran - Winner!

Build Orders: Mech 

Get SALT Encoding   

  12  0:01  SCV  
  13  0:13  SCV  
  14  0:18  Supply Depot  
  14  0:25  SCV  
  15  0:40  SCV  
  16  0:43  Barracks  
  16  0:46  Refinery  
  16  0:52  SCV  
  17  1:04  SCV  
  18  1:16  SCV  
  19  1:29  Refinery, Orbital Command  
  19  1:30  Marine  
  20  1:33  Supply Depot  
  20  1:55  SCV  
  20  1:57  Factory  
  21  2:02  Barracks Reactor  
  21  2:09  SCV  
  22  2:21  SCV  
  23  2:26  Command Center  
  23  2:33  SCV  
  23  2:45  SCV  
  23  2:46  Supply Depot  
  23  2:50  Starport  
  24  2:57  Widow Mine  
  24  2:58  Widow Mine  
  28  3:12  Factory  
  28  3:17  SCV  
  29  3:26  Widow Mine x2  
  31  3:30  Medivac  
  31  3:33  Barracks Tech Lab  
  35  3:36  SCV  
  36  3:43  Orbital Command  
  36  4:00  Hellion x2  
  40  4:09  SCV x2  
  42  4:10  Siege Tank  
  42  4:14  Infernal Pre-Igniter  
  45  4:26  SCV  
  45  4:27  Armory, SCV  
  47  4:32  Hellion x2  
  51  4:38  SCV  
  52  5:08  Hellion  
  52  5:11  Supply Depot  
  52  5:13  Supply Depot x2  
  54  5:16  Terran Vehicle Weapons Level 1  
  54  5:21  Hellion  
  54  5:24  Orbital Command  
  52  5:31  Siege Tank  
  53  5:50  Hellbat x2  
  53  5:55  SCV  
  53  5:56  SCV  
  57  6:07  Refinery  
  57  6:08  Engineering Bay, SCV  
  58  6:12  Refinery  
  58  6:23  Hellion  
  58  6:24  Hellbat x2  
  64  6:44  SCV x2  
  64  6:45  Thor  
  66  6:56  SCV  
  66  6:58  Starport Reactor  
  67  7:03  Hellion, Hellbat  
  71  7:12  Command Center, SCV  
  71  7:13  SCV  
  73  7:17  Terran Vehicle And Ship Armor Level 1  
  73  7:20  Supply Depot x2  
  73  7:22  Supply Depot  
  73  7:24  SCV  
  73  7:25  SCV  
  75  7:36  SCV  
  76  7:37  SCV  
  76  7:43  Missile Turret  
  77  7:46  Thor  
  77  7:47  Hellbat  
  77  7:48  Hellbat  
  77  7:49  SCV x2  
  89  8:01  SCV x2  
  91  8:12  Hellbat x2  
  95  8:13  SCV  
  90  8:30  Siege Tank  
  90  8:31  Factory x3  
  90  8:32  Factory  
  93  8:34  Factory  
  91  8:53  SCV x2  
  89  9:05  SCV  
  90  9:15  Planetary Fortress  
  90  9:19  SCV x2  
  92  9:31  SCV  
  92  9:35  Sensor Tower  
  93  9:40  Refinery  
  93  9:43  Factory Reactor  
  93  9:44  Refinery, Factory Tech Lab x4  
  93  9:53  Viking x2  
  93  9:56  Siege Tank  
  100  10:14  Thor x2  
  100  10:17  Supply Depot  
  100  10:19  Supply Depot  
  112  10:21  Terran Vehicle Weapons Level 2  
  112  10:23  Hellbat  
  112  10:24  Hellbat  
  116  10:39  Thor, Hellbat  
  116  10:41  Thor  
  130  10:56  SCV x3  
  133  11:02  Command Center  
  133  11:06  Supply Depot x3  
  133  11:07  Supply Depot x2  
  133  11:09  Supply Depot  
  133  11:28  Hellbat x2  
  133  11:31  Starport  
  133  11:32  Starport  
  137  11:33  Starport  
  137  11:35  Fusion Core  
  133  11:59  Siege Tank  
  133  12:00  Thor x3, Siege Tank  
  157  12:03  SCV x2  
  159  12:13  Refinery  
  159  12:42  Weapon Refit, Starport Tech Lab x3  
  159  12:44  Terran Ship Weapons Level 1  
  159  12:51  Planetary Fortress  
  159  12:59  Hellion x10  
  159  13:00  Refinery x2, Hellion  
  159  13:06  Supply Depot  
  158  13:19  Sensor Tower  
  151  13:33  Hellion x4  
  132  14:03  Command Center  
  132  14:08  Viking x2  
  154  14:11  Battlecruiser  
  154  14:12  Battlecruiser x2  
  154  14:21  Thor x2  
  166  14:47  Sensor Tower  
  166  14:48  Terran Vehicle And Ship Armor Level 2  
  166  14:50  Armory  
  166  14:55  Missile Turret x3  
  166  14:58  Missile Turret  
  166  14:59  Missile Turret  
  166  15:01  Missile Turret  
  166  15:02  Missile Turret  
  166  15:05  Missile Turret  
  166  15:21  Planetary Fortress, Hellion x3  
  166  15:22  Hellion  
  166  15:25  Command Center  
  166  15:33  Battlecruiser  
  172  15:39  Terran Ship Weapons Level 2  
  164  16:33  Supply Depot x2  
  164  16:34  Supply Depot  
  164  16:35  Supply Depot  
  164  16:40  Supply Depot x2  
  164  16:43  Supply Depot  
  164  16:46  Supply Depot  
  164  17:00  SCV x5  
  169  17:12  SCV x5  
  174  17:24  SCV x5  
  174  17:26  Viking x2  
  174  17:29  Battlecruiser x2  
  195  17:36  SCV x4  
  195  17:37  SCV  
  186  17:48  SCV  
Show
View Real Time Build Order
Export as new Build Order

Worming Zerg 

Build Orders: Hatch First, Lurkers 

Get SALT Encoding   

  12  0:01  Drone  
  13  0:12  Overlord  
  13  0:17  Drone  
  14  0:34  Drone x2  
  14  0:35  Drone  
  17  0:56  Drone  
  18  0:58  Hatchery  
  18  1:00  Extractor  
  18  1:01  Drone  
  17  1:09  Drone  
  18  1:19  Spawning Pool  
  17  1:29  Drone x2  
  19  1:42  Overlord  
  19  2:06  Metabolic Boost  
  19  2:07  Queen  
  19  2:08  Zergling x2  
  22  2:09  Zergling x2  
  22  2:12  Zergling x2  
  24  2:16  Queen  
  26  2:28  Drone x3  
  29  2:36  Drone x2  
  31  2:48  Drone x2  
  33  2:54  Overlord  
  33  2:56  Overlord  
  33  3:10  Spine Crawler  
  31  3:20  Drone x4, Roach Warren  
  31  3:21  Drone x2  
  36  3:32  Overlord  
  36  3:34  Zergling x4  
  36  3:36  Drone x2  
  40  3:50  Overlord  
  40  3:51  Queen  
  40  3:55  Drone x3  
  45  3:59  Extractor  
  44  4:12  Overlord  
  44  4:18  Drone x3  
  44  4:21  Extractor  
  46  4:26  Overlord  
  46  4:31  Lair  
  46  4:32  Overlord x2  
  46  4:33  Zergling x2, Hatchery  
  46  4:34  Zergling x6  
  38  4:56  Drone x4  
  38  4:58  Spore Crawler  
  41  5:06  Spore Crawler  
  29  5:12  Drone  
  29  5:13  Drone x4  
  20  5:37  Drone x6  
  26  5:51  Drone x3  
  29  5:59  Drone x3  
  29  6:04  Roach  
  34  6:18  Roach x3  
  24  6:53  Drone x8  
  31  7:13  Drone x3  
  34  7:25  Drone x2  
  34  7:26  Drone  
  34  7:27  Drone  
  34  7:28  Zergling x2  
  39  7:30  Zergling x2  
  39  7:33  Drone  
  39  7:34  Drone  
  42  7:39  Glial Reconstitution  
  42  7:43  Drone  
  43  7:51  Drone x3  
  46  7:52  Drone  
  46  7:53  Drone  
  46  7:55  Drone  
  46  7:57  Drone  
  46  8:09  Drone x3  
  46  8:10  Spine Crawler  
  48  8:28  Drone x6  
  52  9:00  Infestation Pit  
  52  9:01  Evolution Chamber  
  52  9:02  Drone x13  
  63  9:04  Evolution Chamber  
  62  9:12  Drone  
  62  9:13  Extractor  
  61  9:27  Drone x10  
  71  9:31  Zerg Missile Weapons Level 1  
  71  9:36  Zerg Ground Armor Level 1  
  71  9:43  Hive  
  71  9:54  Roach x6  
  83  10:08  Drone x3  
  86  10:22  Drone, Hydralisk Den  
  86  10:25  Extractor  
  86  10:27  Extractor  
  84  10:29  Spine Crawler  
  84  10:31  Spine Crawler  
  82  10:35  Pneumatized Carapace  
  82  10:39  Hatchery  
  82  10:42  Hatchery  
  80  10:43  Overlord  
  80  10:44  Overlord x5  
  80  10:57  Muscular Augments  
  80  10:58  Hydralisk  
  82  11:19  Burrow  
  77  11:40  Roach x10  
  77  11:41  Roach x4  
  77  11:44  Overlord x3  
  77  11:45  Overlord x6  
  105  11:49  Zerg Missile Weapons Level 2  
  105  11:55  Zerg Ground Armor Level 2  
  105  12:08  Lurker Den  
  105  12:10  Drone x2  
  105  12:13  Drone x2  
  109  12:28  Drone x2  
  109  12:29  Hydralisk x6  
  113  12:35  Zergling x2  
  113  12:36  Zergling x2  
  125  12:38  Zergling x2  
  126  12:53  Ravager x3  
  126  12:54  Ravager x3  
  132  13:10  Overlord x4  
  132  13:11  Zergling x2, Roach x4  
  132  13:12  Zergling x14  
  91  13:55  Hydralisk x8  
  73  13:56  Roach x10, Spire  
  73  14:02  Viper x2  
  108  14:21  Lurker x3  
  108  14:22  Lurker  
  108  14:23  Zergling x4  
  108  14:24  Zergling x22  
  125  14:29  Drone, Extractor  
  126  14:31  Drone  
  126  14:46  Lurker x4  
  130  14:59  Zergling x14  
  142  15:00  Zergling x18  
  142  15:05  Extractor  
  142  15:06  Drone x2  
  148  15:07  Drone x2  
  148  15:13  Greater Spire  
  149  15:20  Overlord  
  149  15:21  Hatchery  
  148  15:30  Overlord  
  138  15:58  Roach  
  138  15:59  Zergling x4, Roach x7  
  138  16:00  Zergling x18  
  133  16:21  Hydralisk x2  
  133  16:22  Roach x2, Hydralisk x3  
  133  16:23  Roach x2  
  151  16:32  Zerg Melee Weapons Level 1  
  151  16:33  Zerg Flyer Weapons Level 1  
  151  16:37  Ultralisk Cavern  
  150  16:48  Drone x5, Nydus Network  
  150  16:51  Extractor  
  150  16:52  Drone x3  
  150  16:54  Roach x3  
  136  17:39  Hydralisk  
  136  17:40  Roach x9, Hydralisk x7  
  143  17:45  Hydralisk  
  143  17:46  Hydralisk  
  147  18:00  Zergling x2  
  147  18:01  Zergling x10  
  147  18:03  Nydus Canal  
  133  18:17  Hydralisk x3  
  133  18:18  Roach x3  
  121  18:20  Lurker x5  
  114  18:30  Hydralisk  
  114  18:31  Roach x5  
Tags
 
Add a new tag
Caveats
  • Supply blocks, unpowered buildings, or Contaminate may cause inaccurate times.
  • Supply counts are checked every 10 seconds.